[Event "Team 45 45 League T59"]
[Site "Internet Chess Club"]
[Date "2013.12.07"]
[Round "3"]
[White "beitmery"]
[Black "MBAStudent"]
[Result "1/2-1/2"]
[WhiteElo "1653"]
[BlackElo "1689"]
[Opening "Benkö gambit"]
[ECO "A57"]
[Time "15:01:19"]
[TimeControl "2700+45"]

1. d4 Nf6 2. c4 c5 3. d5 b5 4. Nf3 g6 5. e3 d6 6. b3 Bg7 7. Bb2 b4 8. Bd3 a5 9.
Nbd2 Bd7 10. O-O a4 11. Rb1 axb3 12. axb3 O-O 13. h3 Ra2 14. Re1 Rxb2 15. Rxb2
Nxd5 16. cxd5 Bxb2 17. Nc4 Bc3 18. Nfd2 Na6 19. Nxd6 Nc7 20. Nb7 Qc8 21. Nxc5
Nxd5 22. Nxd7 Qxd7 23. Bc4 Nf6 24. Ne4 Qxd1 25. Nxf6+ Kg7 26. Rxd1 Kxf6 27. Kf1
Ra8 28. Ke2 e6 29. Kf3 Ra2 30. Kg3 Rd2 31. Rxd2 Bxd2 {Game drawn by mutual
agreement} 1/2-1/2

[Event "Team 45 45 League T59"]
[Site "Internet Chess Club"]
[Date "2013.12.08"]
[Round "3"]
[White "laotse"]
[Black "justice02"]
[Result "0-1"]
[WhiteElo "1592"]
[BlackElo "1827"]
[Opening "Caro-Kann defense"]
[ECO "B10"]
[Time "12:00:34"]
[TimeControl "2700+45"]

1. e4 c6 2. f4 e5 3. d4 exf4 4. Nf3 d5 5. e5 g5 6. h4 Be7 7. hxg5 Bxg5 8. Rh5
Bg4 9. Rxg5 Bxf3 10. Rxg8+ Rxg8 11. Qxf3 Qh4+ 12. Ke2 Nd7 13. Bxf4 O-O-O 14. Nc3
Rg6 15. Kd2 Rdg8 16. g3 Qe7 17. a3 b5 18. Bxb5 cxb5 19. Nxd5 Qe6 20. Qc3+ Kb7
21. Qc7+ Ka8 22. Nb4 Nb6 23. Qc5 Qd7 24. d5 Rc8 25. Qd4 Qf5 26. a4 Rc4 27. Qd3
Qxd3+ 28. Nxd3 bxa4 29. d6 Nd7 30. Rh1 h6 31. Rxh6 Rxh6 32. Bxh6 a5 33. Bf4 Kb7
34. g4 Kc6 35. g5 Kd5 36. b3 axb3 37. cxb3 Rd4 38. Ke3 Re4+ 39. Kd2 Ke6 40. Be3
Rg4 41. Kc3 Rh4 42. Nc5+ Nxc5 43. Bxc5 Kd7 44. Bd4 Kc6 45. Kd3 Rh8 46. Kc4 Rb8
47. Bc3 Ra8 48. Kd4 a4 49. b4 Rg8 50. Bd2 a3 51. Kc3 a2 52. Kb2 Rh8 53. Bf4 Rh4
54. Bg3 Rxb4+ 55. Kxa2 Rg4 56. Be1 Rxg5 57. Bc3 Kb5 58. Kb3 Rg3 59. Kc2 Kc4 60.
Ba5 Rd3 61. Bc7 Rd5 62. Bb8 Kb5 63. Kc3 Kc6 64. Kc4 Rxe5 65. Kd4 Rd5+ 66. Ke4
Rb5 67. Bc7 Kd7 68. Kf4 Ke6 69. Ke4 Rb4+ 70. Ke3 f5 71. Kf3 Rd4 72. d7 Kxd7 73.
Be5 Ra4 74. Bb8 Ke6 75. Bc7 Re4 76. Bb8 Kf6 77. Bc7 Kg6 78. Bd6 Kg5 79. Bc7 Rc4
80. Bd8+ Kh5 81. Bf6 f4 82. Be7 Kg6 83. Bd6 Kf5 84. Bb8 Rc3+ 85. Kf2 Ke4 86.
Bxf4 Kxf4 87. Ke2 Kg3 88. Kd2 Rf3 89. Ke2 Kf4 90. Kd2 Re3 91. Kd1 Ke4 92. Kd2
Kd4 93. Kc2 Rd3 94. Kb2 Kc4 95. Ka2 Rb3 96. Ka1 Kc3 97. Ka2 Rb5 98. Ka1 Kc2 99.
Ka2 Ra5# {White checkmated} 0-1

[Event "Team 45 45 League T59"]
[Site "Internet Chess Club"]
[Date "2013.12.09"]
[Round "3"]
[White "koni"]
[Black "lacibacsi"]
[Result "1/2-1/2"]
[WhiteElo "1929"]
[BlackElo "1978"]
[Opening "King's Indian: Andersson variation"]
[ECO "E92"]
[Time "15:01:26"]
[TimeControl "2700+45"]

1. d4 Nf6 2. c4 g6 3. Nc3 Bg7 4. e4 d6 5. Be2 O-O 6. Nf3 e5 7. dxe5 dxe5 8. Qxd8
Rxd8 9. Bg5 Re8 10. O-O-O Na6 11. Ne1 Nc5 12. f3 c6 13. Nc2 a5 14. Be3 Bf8 15.
g4 Ne6 16. h4 Bc5 17. Bg5 {Game drawn by mutual agreement} 1/2-1/2

[Event "Team 45 45 League T59"]
[Site "Internet Chess Club"]
[Date "2013.12.07"]
[Round "3"]
[White "Tobiasdelmonte"]
[Black "RamRock"]
[Result "0-1"]
[WhiteElo "1774"]
[BlackElo "1853"]
[Opening "Caro-Kann: exchange variation"]
[ECO "B13"]
[Time "10:07:54"]
[TimeControl "2700+45"]

1. e4 c6 2. d4 d5 3. exd5 cxd5 4. Bd3 Nc6 5. c3 Nf6 6. Nf3 Bg4 7. O-O e6 8. Re1
Be7 9. h3 Bh5 10. Bf4 O-O 11. Nbd2 a6 12. Rc1 b5 13. Nf1 Na5 14. Ng3 Bg6 15. Ne5
Bxd3 16. Qxd3 Qb6 17. Bg5 Ra7 18. Rc2 Rc7 19. Bxf6 Bxf6 20. Nh5 Be7 21. Qg3 g6
22. Re3 Nc4 23. Rf3 Nd6 24. Re2 b4 25. Ng4 Ne4 26. Nh6+ Kh8 27. Rxe4 dxe4 28.
Rxf7 Qd6 29. Rxf8+ Bxf8 30. Nf7+ Rxf7 {White resigns} 0-1

[Event "Team 45 45 League T59"]
[Site "Internet Chess Club"]
[Date "2013.12.09"]
[Round "3"]
[White "Lumumba"]
[Black "amicusUK"]
[Result "1-0"]
[WhiteElo "1598"]
[BlackElo "1647"]
[Opening "QGD: Janowski variation"]
[ECO "D31"]
[Time "14:00:28"]
[TimeControl "2700+45"]

1. d4 e6 2. c4 d5 3. Nc3 a6 4. Nf3 Nf6 5. cxd5 exd5 6. Bg5 Be7 7. Qc2 h6 8. Bh4
c6 9. e3 Nbd7 10. Bd3 Nf8 11. O-O Bg4 12. Ne5 Bh5 13. f4 Ng4 14. Bxe7 Qxe7 15.
Nxg4 Bxg4 16. Rae1 O-O-O 17. e4 dxe4 18. Rxe4 Qd6 19. f5 h5 20. Rf2 Nh7 21. Qd2
Nf6 22. Ref4 Rh6 23. h3 Rdh8 24. Kf1 Nd5 25. Nxd5 Qxd5 26. hxg4 hxg4 27. Ke2 g3
28. R2f3 Re8+ 29. Kd1 Qxa2 30. Kc2 Qa4+ 31. Kb1 Reh8 32. Rf1 Rh1 33. Rxh1 Rxh1+
34. Rf1 Rh2 35. Be4 c5 36. Qc2 Qxc2+ 37. Kxc2 Rh4 38. Kd3 c4+ 39. Ke3 b5 40. Rf4
Rh1 41. Rg4 g6 42. fxg6 fxg6 43. Rxg6 Re1+ 44. Kf3 Rd1 45. d5 Rd2 46. Rxa6 Rxb2
47. Rc6+ Kd8 48. Kxg3 Rb4 49. Kf4 Rb2 50. g4 Rf2+ 51. Ke5 Rf7 52. g5 Re7+ 53.
Kd4 Rb7 54. g6 Ke8 55. Rf6 b4 56. Kxc4 b3 57. d6 b2 58. Rf1 Ra7 59. Bc6+ {Black
resigns} 1-0

[Event "Team 45 45 League T59"]
[Site "Internet Chess Club"]
[Date "2013.12.09"]
[Round "3"]
[White "fireball"]
[Black "Timotheous"]
[Result "0-1"]
[WhiteElo "1721"]
[BlackElo "1773"]
[Opening "Sicilian: Smith-Morra gambit"]
[ECO "B21"]
[Time "18:03:44"]
[TimeControl "2700+45"]

1. e4 c5 2. d4 cxd4 3. c3 dxc3 4. Nxc3 d6 5. Nf3 e6 6. Bc4 Be7 7. O-O Nf6 8. Bg5
a6 9. Qe2 b5 10. Bb3 Nbd7 11. Rfd1 Qb6 12. e5 dxe5 13. Nxe5 Nxe5 14. Qxe5 Qxf2+
15. Kxf2 Ng4+ 16. Kg1 Nxe5 17. Bxe7 Kxe7 18. Re1 f6 19. Ne4 Nd3 20. Re2 e5 21.
Rd1 Bg4 22. Rxd3 Bxe2 23. Rd6 Bg4 24. Rb6 Rhb8 25. Rc6 Rc8 26. Rb6 Ra7 27. Nd6
Rcc7 28. Ne4 Bd7 29. Nc3 Rc6 30. Nd5+ Kd6 31. Rb8 Be6 32. Nb4 Rc1+ 33. Kf2 Bxb3
34. axb3 Kc7 35. Rg8 Kd6 36. Rd8+ Ke7 37. Rb8 Kf7 38. Rb6 Kg6 39. Nxa6 Rc2+ 40.
Kf3 Rxb2 41. Nc5 Ra5 42. Kg3 b4 43. Ne6 Rxb3+ 44. Kh4 Ra7 45. g4 Kf7 46. Nd8+
Ke8 47. Rb8 g5+ {White resigns} 0-1

[Event "Team 45 45 League T59"]
[Site "Internet Chess Club"]
[Date "2013.12.05"]
[Round "3"]
[White "milesotoole"]
[Black "PaulaR"]
[Result "1-0"]
[WhiteElo "1629"]
[BlackElo "1757"]
[Opening "Blackmar gambit"]
[ECO "D00"]
[Time "09:02:25"]
[TimeControl "2700+45"]

1. d4 d5 2. e4 dxe4 3. Nc3 Nc6 4. d5 Ne5 5. Qd4 Ng6 6. Qxe4 Nf6 7. Qa4+ Bd7 8.
Bb5 e5 9. dxe6 fxe6 10. Nf3 Bc5 11. Bg5 O-O 12. Bxf6 Rxf6 13. Bxd7 Qe7 14. Ne4
Rf4 15. O-O Rxe4 16. Qxe4 Qxd7 17. Qxb7 Rf8 18. Rad1 Qf7 19. Qc6 Bd6 20. Rfe1
Nf4 21. Qe4 Qh5 22. g3 Qg4 23. Rd4 e5 24. Ra4 Bc5 25. Qc4+ Kh8 26. Qxc5 Nh3+ 27.
Kg2 Qxf3+ 28. Kxh3 Rf5 29. Qe3 {Black resigns} 1-0

[Event "Team 45 45 League T59"]
[Site "Internet Chess Club"]
[Date "2013.12.07"]
[Round "3"]
[White "Berke"]
[Black "Jjohnston92A"]
[Result "0-1"]
[WhiteElo "1453"]
[BlackElo "1391"]
[Opening "Queen's pawn game, Chigorin variation"]
[ECO "D02"]
[Time "11:00:15"]
[TimeControl "2700+45"]

1. d4 d5 2. Nf3 Nc6 3. Bf4 f6 4. e3 Bg4 5. h3 Bxf3 6. Qxf3 e5 7. Bh2 e4 8. Qg4
Nh6 9. Qe6+ Qe7 10. Qxe7+ Bxe7 11. Bxc7 Rc8 12. Bf4 Nb4 13. Bb5+ Kf7 14. Ba4 b5
15. Bb3 a5 16. a3 a4 17. axb4 axb3 18. c3 g5 19. Bh2 Nf5 20. Nd2 Nd6 21. Nxb3
Nc4 22. Ra2 Ra8 23. Rxa8 Rxa8 24. Ke2 Ra2 25. Rb1 Nxb2 26. Kf1 Nd3 27. Bg3 h5
28. Nc5 h4 29. Nxd3 exd3 30. Bc7 f5 31. Ke1 g4 32. hxg4 fxg4 33. Rd1 Ra7 34. Bh2
h3 35. gxh3 gxh3 36. Rd2 Ra1+ 37. Rd1 Ra6 38. Rxd3 Kg6 39. Ke2 Kh5 40. Rd1 Bh4
41. f4 Rg6 42. Kf3 Rg2 {White resigns} 0-1

[Event "Team 45 45 League T59"]
[Site "Internet Chess Club"]
[Date "2013.12.09"]
[Round "3"]
[White "Fulmar"]
[Black "QuimCatala"]
[Result "0-1"]
[WhiteElo "1140"]
[BlackElo "1435"]
[Opening "Sicilian: closed"]
[ECO "B23"]
[Time "18:00:29"]
[TimeControl "2700+45"]

1. e4 c5 2. Nc3 e6 3. Bc4 Nc6 4. Nf3 a6 5. a4 b6 6. d4 cxd4 7. Nxd4 Nxd4 8. Qxd4
Qc7 9. O-O Bb7 10. e5 Bc5 11. Qf4 Qc6 12. Qg5 Bf8 13. Bb5 axb5 14. axb5 Qc7 15.
Bf4 g6 16. Rfe1 Be7 17. Qg3 h5 18. Rxa8+ Bxa8 19. h4 Nh6 20. Ra1 Qb7 21. Qh3 Nf5
22. g3 Nd4 23. Ra4 Nf3+ 24. Kf1 Bc5 25. b4 Bd4 26. Ne2 O-O 27. c3 Bxe5 28. Bxe5
Nxe5 29. f4 Qf3+ 30. Ke1 Nd3+ 31. Kd1 Nb2+ 32. Kc2 Nxa4 33. Nd4 Be4+ 34. Kb3
Qd1+ 35. Kc4 Nb2# {White checkmated} 0-1

[Event "Team 45 45 League T59"]
[Site "Internet Chess Club"]
[Date "2013.12.04"]
[Round "3"]
[White "Bible-Believer"]
[Black "houseofcook"]
[Result "0-1"]
[WhiteElo "1672"]
[BlackElo "1493"]
[Opening "French: Steinitz variation"]
[ECO "C11"]
[Time "13:00:08"]
[TimeControl "2700+45"]

1. e4 e6 2. d4 d5 3. Nc3 Nf6 4. e5 Nfd7 5. Nf3 c5 6. dxc5 Bxc5 7. Bd3 Nc6 8. Bf4
a6 9. a3 b5 10. O-O Bb7 11. Qe2 Nd4 12. Nxd4 Bxd4 13. Nd1 Bb6 14. Qg4 g6 15. b4
Bc7 16. Re1 Qb8 17. Qg3 O-O 18. Qg5 Bd8 19. Qh6 Re8 20. Re3 Nf8 21. Rh3 Qc8 22.
Ne3 f5 23. exf6 Bxf6 24. Ng4 Bxa1 25. Be5 Bxe5 26. Nxe5 Qc3 27. g3 Qxe5 28. Bxg6
Qe1+ 29. Kg2 d4+ 30. f3 Qe2+ 31. Kg1 Qe3+ 32. Qxe3 dxe3 33. Bd3 Bxf3 34. Kf1 Ng6
35. Rh6 Rf8 36. Ke1 Kg7 37. Rh3 Bg4 {White resigns} 0-1

[Event "Team 45 45 League T59"]
[Site "Internet Chess Club"]
[Date "2013.12.09"]
[Round "3"]
[White "SirIvanhoe"]
[Black "BotanicalKnight"]
[Result "1/2-1/2"]
[WhiteElo "1563"]
[BlackElo "1534"]
[Opening "Caro-Kann: Steinitz variation"]
[ECO "B17"]
[Time "20:01:45"]
[TimeControl "2700+45"]

1. e4 c6 2. d4 d5 3. Nc3 dxe4 4. Nxe4 Nd7 5. Nf3 Ngf6 6. Ng3 e6 7. Bd2 c5 8. c3
cxd4 9. Nxd4 Bc5 10. Be2 O-O 11. Nb3 Qc7 12. Nxc5 Nxc5 13. Be3 Rd8 14. Qc2 Nd5
15. Bxc5 Qxc5 16. O-O Bd7 17. Rfd1 Nf4 18. Bf3 Bc6 19. Bxc6 Qxc6 {Game drawn by
mutual agreement} 1/2-1/2

[Event "Team 45 45 League T59"]
[Site "Internet Chess Club"]
[Date "2013.12.07"]
[Round "3"]
[White "kingsrook"]
[Black "Gilguli"]
[Result "1/2-1/2"]
[WhiteElo "1305"]
[BlackElo "1401"]
[Opening "QGD Slav: 4.e3 Bf5"]
[ECO "D12"]
[Time "14:00:40"]
[TimeControl "2700+45"]

1. d4 d5 2. Nf3 Nf6 3. e3 Bf5 4. c4 c6 5. Nc3 e6 6. a3 Qa5 7. Bd2 Qb6 8. Na4 Qc7
9. Nc5 Bxc5 10. dxc5 Nbd7 11. b4 Bg4 12. Be2 Ne4 13. O-O dxc4 14. Qc2 Nxd2 15.
Qxd2 O-O-O 16. Qc2 Bxf3 17. Bxf3 Ne5 18. Be2 h5 19. h3 g5 20. Bxc4 g4 21. h4
Rhg8 22. Be2 Nf3+ 23. Bxf3 gxf3 24. g3 Qe5 25. Rad1 Qf6 26. Rxd8+ Rxd8 27. Rd1
Rxd1+ 28. Qxd1 e5 29. e4 Kc7 30. Qd3 Kc8 31. Qd1 Kc7 32. Qd3 Kc8 {Game drawn by
mutual agreement} 1/2-1/2

[Event "Team 45 45 League T59"]
[Site "Internet Chess Club"]
[Date "2013.12.07"]
[Round "3"]
[White "semperfi"]
[Black "rgadoury"]
[Result "1-0"]
[WhiteElo "1387"]
[BlackElo "1340"]
[Opening "Queen's pawn game"]
[ECO "D00"]
[Time "18:02:29"]
[TimeControl "2700+45"]

1. d4 d5 2. e3 c5 3. Nf3 Nc6 4. c3 Bf5 5. Nbd2 Nf6 6. Be2 c4 7. O-O h6 8. b3 b5
9. Ba3 a5 10. bxc4 b4 11. Qa4 Bd7 12. cxd5 Nxd5 13. Bc4 Nxc3 14. Bxf7+ Kxf7 15.
Qb3+ Be6 16. Qc2 g6 17. Bb2 Bg7 18. Bxc3 bxc3 19. Qxc3 Qd7 20. Rfd1 Rhc8 21. Qd3
Nb4 22. Qe4 Nc6 23. Qf4+ Bf6 24. Qxh6 Rh8 25. Qf4 Qd6 26. Ng5+ Kg7 27. Qxd6 exd6
28. Nxe6+ Kh6 29. Ne4 Be7 30. Rac1 Nd8 31. Nxd8 Raxd8 32. Rc7 Rh7 33. Ra7 d5 34.
Nc5 Bxc5 35. Rxh7+ Kxh7 36. dxc5 Kg7 37. c6 Rc8 38. Rc1 Kf7 39. f4 Ke6 40. Kf2
Kd6 41. Kf3 Rxc6 42. Rxc6+ Kxc6 43. Kg4 Kd6 44. Kg5 {Black resigns} 1-0

[Event "Team 45 45 League T59"]
[Site "Internet Chess Club"]
[Date "2013.12.05"]
[Round "3"]
[White "mongmong"]
[Black "bluesun"]
[Result "1-0"]
[WhiteElo "1655"]
[BlackElo "1438"]
[Opening "Queen's pawn: Yusupov-Rubinstein system"]
[ECO "A46"]
[Time "20:07:41"]
[TimeControl "2700+45"]

1. d4 Nf6 2. Nf3 e6 3. e3 c5 4. Bd3 Nc6 5. O-O d5 6. c3 a6 7. Nbd2 c4 8. Bc2 b5
9. Qe2 Bd6 10. e4 dxe4 11. Nxe4 O-O 12. Bg5 Be7 13. Nxf6+ Bxf6 14. Qe4 Re8 15.
Bxf6 gxf6 16. Qxc6 Ra7 17. Qe4 f5 18. Qh4 Qd5 19. Qg3+ Kf8 20. Qe5 Qa8 21. Qh8+
Ke7 22. Qxh7 Bb7 23. Qh4+ f6 24. Qf4 Rg8 25. Kh1 Bd5 26. Rae1 Kd8 27. b3 Rag7
28. Rg1 Rxg2 29. Rxg2 Bxf3 30. Qd6+ Kc8 31. Qxe6+ Kb7 32. Rg1 Ka7 33. Qe7+ Kb8
34. Qd6+ Ka7 35. Qc7+ Bb7 36. Bxf5 Qe8 37. f3 Rxg2 38. Rxg2 Qe1+ 39. Rg1 Qxc3
40. Be4 Qxf3+ 41. Bxf3 {Black resigns} 1-0

[Event "Team 45 45 League T59"]
[Site "Internet Chess Club"]
[Date "2013.12.07"]
[Round "3"]
[White "MateMaster"]
[Black "pcvan"]
[Result "1/2-1/2"]
[WhiteElo "1568"]
[BlackElo "1458"]
[Opening "French: exchange variation"]
[ECO "C01"]
[Time "19:42:51"]
[TimeControl "2700+45"]

1. e4 e6 2. d4 d5 3. exd5 exd5 4. c4 Nf6 5. Nf3 Bg4 6. Nc3 Be7 7. Be2 O-O 8. O-O
c6 9. h3 Bf5 10. Bf4 Bd6 11. Bxd6 Qxd6 12. c5 Qe7 13. Re1 Ne4 14. Nxe4 Bxe4 15.
Ne5 Nd7 16. Nxd7 Qxd7 17. Bg4 f5 18. Be2 f4 19. Bf3 Rae8 20. b4 Rf6 21. Bg4 Qf7
22. f3 h5 23. fxe4 hxg4 24. e5 Rh6 25. Qxg4 Rg6 26. Qf3 Rg3 27. Qf2 Qg6 28. Kh2
Rf8 29. Rf1 Rf5 30. Rg1 Rfg5 31. e6 f3 32. gxf3 Rxh3+ 33. Kxh3 Rh5+ 34. Qh4 Qf5+
35. Kg3 Rxh4 36. Kxh4 Qf6+ 37. Kg3 Qxe6 38. Kf2 Qf5 39. Rge1 Kf7 40. Ke3 Qg5+
41. Kf2 Qh4+ 42. Ke2 {Game drawn by mutual agreement} 1/2-1/2

[Event "Team 45 45 League T59"]
[Site "Internet Chess Club"]
[Date "2013.12.07"]
[Round "3"]
[White "ChessMaine"]
[Black "ethan0627"]
[Result "1-0"]
[WhiteElo "1453"]
[BlackElo "1343"]
[Opening "Queen's pawn game"]
[ECO "D00"]
[Time "21:00:53"]
[TimeControl "2700+45"]

1. d4 d5 2. e3 e6 3. Bd3 Nf6 4. Nd2 c5 5. c3 Nc6 6. f4 Be7 7. Ngf3 O-O 8. Ne5
Qc7 9. O-O Nd7 10. Rf3 Ndxe5 11. fxe5 c4 12. Bc2 b5 13. Rh3 Bd8 14. Bxh7+ Kh8
15. Qh5 g5 {Black resigns} 1-0

[Event "Team 45 45 League T59"]
[Site "Internet Chess Club"]
[Date "2013.12.08"]
[Round "3"]
[White "Ellison"]
[Black "Visin"]
[Result "0-1"]
[WhiteElo "1271"]
[BlackElo "1349"]
[Opening "Danish gambit"]
[ECO "C21"]
[Time "14:00:37"]
[TimeControl "2700+45"]

1. e4 e5 2. d4 exd4 3. c3 dxc3 4. Bc4 d6 5. Nxc3 Be6 6. Bxe6 fxe6 7. e5 Nc6 8.
Nb5 a6 9. Nd4 Nxd4 10. Qxd4 Ne7 11. Nf3 h6 12. Nh4 Nf5 13. Nxf5 exf5 14. O-O Be7
15. exd6 Qxd6 16. Qxg7 Qf6 17. Qxf6 Bxf6 18. Re1+ Kf7 19. Bf4 c6 20. Rad1 Rad8
21. Rxd8 Rxd8 22. Bxh6 Bxb2 23. Rb1 b5 24. g3 Bf6 25. h4 c5 26. Kg2 c4 27. Bg5
Bxg5 28. hxg5 c3 29. Rc1 b4 30. f4 a5 31. Rh1 c2 32. Rh7+ Kg6 33. Rh6+ Kg7 34.
Rh1 Rd1 35. Rh6 c1=Q 36. Kh3 Rh1+ 37. Kg2 Rxh6 38. gxh6+ Kxh6 39. Kh3 Qh1#
{White checkmated} 0-1

[Event "Team 45 45 League T59"]
[Site "Internet Chess Club"]
[Date "2013.12.07"]
[Round "3"]
[White "spuzzy"]
[Black "Buford-Julep"]
[Result "0-1"]
[WhiteElo "1747"]
[BlackElo "1737"]
[Opening "Scandinavian (center counter) defense"]
[ECO "B01"]
[Time "10:00:45"]
[TimeControl "2700+45"]

1. e4 d5 2. exd5 Qxd5 3. Nc3 Qd8 4. d4 Nf6 5. Nf3 Bg4 6. Be2 e6 7. Be3 c6 8. O-O
Bd6 9. Ne5 Bxe2 10. Qxe2 Nbd7 11. f4 O-O 12. Rf3 Nd5 13. Bd2 N7f6 14. Rh3 Qb6
15. Nxd5 exd5 16. Bc3 Rfe8 17. Qd3 Bxe5 18. fxe5 Rxe5 19. Kh1 Re4 20. Qf3 Rae8
21. Qf5 Qxb2 22. Qxe4 Qxa1+ 23. Bxa1 Rxe4 24. Bc3 Re2 {White resigns} 0-1

[Event "Team 45 45 League T59"]
[Site "Internet Chess Club"]
[Date "2013.12.09"]
[Round "3"]
[White "LazyPeon"]
[Black "Packerfan"]
[Result "1-0"]
[WhiteElo "1751"]
[BlackElo "1760"]
[Opening "Budapest: Fajarowicz variation"]
[ECO "A51"]
[Time "14:00:32"]
[TimeControl "2700+45"]

1. d4 Nf6 2. c4 e5 3. dxe5 Ne4 4. a3 d6 5. Nf3 Nc6 6. Qc2 Bf5 7. Nc3 Ng3 8. e4
Bxe4 9. Nxe4 Nxh1 10. Bg5 Be7 11. Bxe7 Qxe7 12. exd6 cxd6 13. O-O-O O-O 14. Bd3
Ne5 15. Nxe5 Qxe5 16. Rxh1 d5 17. cxd5 Qxd5 18. Nc3 Qh5 19. f4 Rac8 20. Qe2 Qa5
21. Qe4 g6 22. Kb1 Rfe8 23. Qf3 Rcd8 24. f5 Qc5 25. fxg6 hxg6 26. Ne4 Rxe4 27.
Qxe4 Qd6 28. Rd1 Qxh2 29. Qe7 Qb8 30. Rf1 Rf8 31. Rh1 Qg3 32. Rh8+ Kxh8 33.
Qxf8+ Kh7 34. Qxf7+ Kh6 35. Qf3 Qd6 36. g3 Kg5 37. Qf4+ Qxf4 38. gxf4+ Kxf4 39.
Bxg6 Ke5 40. Kc2 Kd6 41. Kc3 a5 42. Kc4 Kc6 43. Be4+ Kb6 44. Bxb7 Kxb7 45. Kb5
{Black resigns} 1-0

[Event "Team 45 45 League T59"]
[Site "Internet Chess Club"]
[Date "2013.12.06"]
[Round "3"]
[White "clarinetref"]
[Black "SirIvanhoe"]
[Result "1/2-1/2"]
[WhiteElo "1588"]
[BlackElo "1532"]
[Opening "Caro-Kann: exchange variation"]
[ECO "B13"]
[Time "21:09:22"]
[TimeControl "2700+45"]

1. e4 c6 2. d4 d5 3. exd5 cxd5 4. Bd3 Nc6 5. c3 Qc7 6. Ne2 Bg4 7. f3 Bd7 8. Bf4
e5 9. dxe5 Nxe5 10. Bc2 Nf6 11. Bg3 Bd6 12. Nd2 Nc4 13. Bxd6 Nxd6 14. Nb3 Bf5
15. Nbd4 Bxc2 16. Qxc2 O-O-O 17. O-O-O Nc4 18. Qd3 a6 19. g3 Rhe8 20. Rhe1 g6
21. Nf4 Ne5 22. Qf1 h5 23. Nd3 Nxd3+ 24. Rxd3 Qc4 25. Rxe8 Rxe8 26. b3 Re1+ 27.
Qxe1 Qxd3 28. Qd2 Qxd2+ 29. Kxd2 Kd7 30. Ke3 Kd6 31. Kf4 Nd7 32. h4 Nc5 33. Ke3
Nd7 34. g4 Nf6 35. gxh5 Nxh5 36. f4 Nf6 37. f5 Ke5 38. fxg6 fxg6 39. Nf3+ Kd6
40. Kd4 Ng4 41. Ng5 Nh6 42. Nf3 Nf5+ 43. Kd3 Nh6 44. c4 dxc4+ 45. Kxc4 Nf5 46.
a4 Ne3+ 47. Kd3 Nf5 48. Ke4 Kc5 49. Kd3 Kb4 50. Kc2 {Game drawn by mutual
agreement} 1/2-1/2

[Event "Team 45 45 League T59"]
[Site "Internet Chess Club"]
[Date "2013.12.05"]
[Round "3"]
[White "pauliewoll"]
[Black "PostMike"]
[Result "0-1"]
[WhiteElo "1594"]
[BlackElo "1409"]
[Opening "Sicilian: closed"]
[ECO "B23"]
[Time "16:00:23"]
[TimeControl "2700+45"]

1. e4 c5 2. Nc3 e6 3. f4 d5 4. Nf3 d4 5. Bb5+ Bd7 6. Bxd7+ Qxd7 7. Ne2 d3 8. Nc3
Nc6 9. O-O dxc2 10. Qxc2 Nd4 11. Nxd4 Qxd4+ 12. Kh1 a6 13. Qa4+ b5 14. Qxd4 cxd4
15. Ne2 d3 16. Nc3 Bb4 17. a3 Bxc3 18. dxc3 Nf6 19. e5 Ne4 20. Re1 d2 21. Rxe4
d1=Q+ {White resigns} 0-1

[Event "Team 45 45 League T59"]
[Site "Internet Chess Club"]
[Date "2013.12.11"]
[Round "3"]
[White "gcl"]
[Black "DanMcClintic"]
[Result "1-0"]
[WhiteElo "1654"]
[BlackElo "1671"]
[Opening "Caro-Kann: classical variation"]
[ECO "B18"]
[Time "21:31:10"]
[TimeControl "2700+45"]

1. e4 c6 2. d4 d5 3. Nc3 dxe4 4. Nxe4 Bf5 5. Ng3 Bg6 6. Bc4 e6 7. N1e2 Bd6 8. h4
h6 9. Nf4 Bxf4 10. Bxf4 Nf6 11. h5 Bh7 12. c3 O-O 13. a4 Nbd7 14. a5 Nd5 15. Bd6
Re8 16. Qb3 N7f6 17. Be5 Qd7 18. Be2 b5 19. axb6 axb6 20. O-O b5 21. c4 bxc4 22.
Qxc4 Qb7 23. b3 Nd7 24. Bd6 Red8 25. Bc5 Nf4 26. Bf3 Bd3 27. Qc3 Bxf1 28. Rxf1
Nd5 29. Qc2 Nxc5 30. dxc5 Qb4 31. Ne4 Rdb8 32. Rb1 Ra3 33. Nd2 Rb5 34. Rc1 Raa5
35. Be2 Rxc5 36. Bc4 Nf6 37. Qd3 Qb6 38. b4 Qxb4 39. Qd8+ Kh7 40. Bd3+ Rf5 41.
Bxf5+ Rxf5 42. Qd3 c5 43. Rc4 Qb5 44. f3 g6 45. hxg6+ fxg6 46. Qd8 Qe8 47. Qc7+
Qd7 48. Rxc5 Rxc5 49. Qxc5 Kg7 50. Nc4 Qc7 51. Qxc7+ {Black resigns} 1-0

[Event "Team 45 45 League T59"]
[Site "Internet Chess Club"]
[Date "2013.12.09"]
[Round "3"]
[White "parrot9"]
[Black "CaptK"]
[Result "1-0"]
[WhiteElo "1653"]
[BlackElo "1516"]
[Opening "Sicilian: Anderssen variation"]
[ECO "B41"]
[Time "14:18:44"]
[TimeControl "2700+45"]

1. e4 c5 2. Nf3 e6 3. d4 cxd4 4. Nxd4 Nf6 5. Bd3 Nc6 6. Nxc6 bxc6 7. O-O d5 8.
exd5 cxd5 9. Re1 Bc5 10. Bg5 Qb6 11. Qf3 Qxb2 12. Nc3 O-O 13. Bxf6 gxf6 14. Rab1
Qa3 15. Rb3 Qa5 16. Qxf6 Ba6 17. Re5 Rfb8 18. Rg5+ Kf8 19. Rxb8+ Rxb8 20. Qh8+
Ke7 21. Qxb8 Bxd3 22. Nxd5+ exd5 23. Qe5+ Kf8 24. cxd3 Qxa2 25. Qb8+ Ke7 26.
Qe5+ Kf8 27. Qe1 a5 28. h4 a4 29. Re5 Bd6 30. Re8+ Kg7 31. g3 Qb3 32. Qe3 h6 33.
Qd4+ f6 34. Qg4+ Kf7 35. Qg8# {Black checkmated} 1-0

[Event "Team 45 45 League T59"]
[Site "Internet Chess Club"]
[Date "2013.12.08"]
[Round "3"]
[White "dabodhi"]
[Black "Invicta-Knight"]
[Result "1-0"]
[WhiteElo "1399"]
[BlackElo "1463"]
[Opening "Scandinavian (center counter) defense"]
[ECO "B01"]
[Time "13:22:14"]
[TimeControl "2700+45"]

1. e4 d5 2. exd5 Qxd5 3. d4 Nc6 4. Nf3 Bg4 5. Be2 O-O-O 6. Be3 Bxf3 7. Bxf3 Qa5+
8. c3 Nf6 9. O-O e5 10. b4 Qb5 11. Na3 Qa6 12. Qb3 b5 13. Be2 {Black resigns}
1-0

[Event "Team 45 45 League T59"]
[Site "Internet Chess Club"]
[Date "2013.12.08"]
[Round "3"]
[White "steadman"]
[Black "Froggy"]
[Result "1-0"]
[WhiteElo "2157"]
[BlackElo "2037"]
[Opening "Modern defense"]
[ECO "A40"]
[Time "23:03:06"]
[TimeControl "2700+45"]

1. d4 g6 2. c4 Bg7 3. e4 c5 4. d5 a6 5. Nc3 d6 6. h3 e6 7. Nf3 Ne7 8. Bd3 O-O 9.
O-O exd5 10. exd5 Nd7 11. Re1 Ne5 12. Nxe5 Bxe5 13. Bh6 Re8 14. Rxe5 dxe5 15.
Ne4 f5 16. Nf6+ Kf7 17. Nxe8 Qxe8 18. Qe1 Ng8 19. Be3 b6 20. b4 f4 21. Bd2 Nf6
22. bxc5 bxc5 23. Rb1 Bf5 24. Rb7+ Kg8 25. Bxf5 gxf5 26. f3 Rb8 27. Rxb8 Qxb8
28. Bc3 Nd7 29. Qh4 Qb1+ 30. Kh2 Qb6 31. Qe7 {Black resigns} 1-0

[Event "Team 45 45 League T59"]
[Site "Internet Chess Club"]
[Date "2013.12.08"]
[Round "3"]
[White "CogitoErgoSum"]
[Black "jjmolina"]
[Result "0-1"]
[WhiteElo "1837"]
[BlackElo "1811"]
[Opening "Ruy Lopez: Berlin defense, open variation"]
[ECO "C67"]
[Time "13:57:32"]
[TimeControl "2700+45"]

1. e4 e5 2. Nf3 Nc6 3. Bb5 Nf6 4. O-O Nxe4 5. d4 Nd6 6. Bxc6 dxc6 7. dxe5 Nf5 8.
Qxd8+ Kxd8 9. Rd1+ Ke8 10. Nc3 h6 11. Ne4 Be6 12. b3 Be7 13. g4 Nh4 14. Nxh4
Bxh4 15. f3 Rd8 16. Be3 Bd5 17. Nd2 Be6 18. a4 a6 19. a5 Rd5 20. Nc4 Ke7 21.
Rxd5 cxd5 22. Bc5+ Kd7 23. Ne3 Bg5 24. Kf2 Bf4 25. Rd1 Bxe5 26. Nxd5 Kc6 27. f4
Bxd5 28. fxe5 Kxc5 29. b4+ Kc6 30. Ke3 Be6 31. h3 h5 32. Rd4 hxg4 33. hxg4 Rh4
34. Kf3 Rh3+ 35. Ke2 {White resigns} 0-1